 Dungeon Crawl Stone Soup version 0.17.0-1-g61d176b (console) character file.

36 gw the Skirmisher (level 3, 29/29 HPs)
             Began as a Demonspawn Berserker on Nov 7, 2015.
             Was a Follower of Trog.
             Quit the game on level 1 of the Dungeon.
             The game lasted 00:04:00 (1383 turns).

gw the Skirmisher (Demonspawn Berserker)            Turns: 1383, Time: 00:04:01

Health: 29/29      AC:  8    Str: 17    XL:     3   Next: 19%
Magic:  3/3        EV: 11    Int:  8    God:    Trog [*.....]
Gold:   77         SH:  2    Dex: 13    Spells: 0 memorised, 2 levels left

rFire  . . .     SeeInvis .     a - +1 whip (vamp)
rCold  . . .     Clarity  .     d - +0 ring mail
rNeg   . . .     SustAt   .     (no shield)
rPois  .         Gourm    .     b - +0 helmet
rElec  .         Spirit   .     (no cloak)
rCorr  .         Warding  .     (no gloves)
rMut   .         Stasis   .     (no boots)
MR     .....                    (no amulet)
Stlth  ++........               (no ring)
                                (no ring)

@: starving, not resistant to hostile enchantments, unstealthy
A: large bone plates 1, nightstalker 1
a: Berserk, Burn Spellbooks, Renounce Religion


You were on level 1 of the Dungeon.
You worshipped Trog.
Trog was aware of your devotion.
You were starving.

You visited 1 branch of the dungeon, and saw 1 of its levels.

You collected 77 gold pieces.

Inventory:

Hand Weapons
 a - a +1 vampiric whip (weapon)
Armour
 b - a +0 helmet (worn)
 d - a +0 ring mail (worn)


   Skills:
 + Level 3.2 Fighting
   Level 2.6 Long Blades
 * Level 2.0 Maces & Flails
 + Level 2.1 Armour
 - Level 1.7 Dodging


You had 2 spell levels left.
You didn't know any spells.

Dungeon Overview and Level Annotations

Branches:
Dungeon (1/15)

Altars:


Innate Abilities, Weirdness & Mutations

You are partially covered in large bone plates (AC +2, SH +2).
You are slightly more attuned to the shadows.


Message History

Unknown command.
Unknown command.
Unknown command.
Unknown command.
Unknown command.
Unknown command.
Unknown command.
Search for what [Enter for "@corpse$&&!!rott&&!!skel&&!!inedible&&!!mutagenic&&!!forbidden", or ? for help]? @corpse$&&!!rott&&!!skel&&!!inedible&&!!mutagenic&&!!forbidden Can't find anything matching that.
Okay, then.
Search for what [Enter for "@corpse$&&!!rott&&!!skel&&!!inedible&&!!mutagenic&&!!forbidden", or ? for help]? @corpse$&&!!rott&&!!skel&&!!inedible&&!!mutagenic&&!!forbidden Can't find anything matching that.
Okay, then.
Quiver which item? (- for none, * to show all) (? for menu, Esc to quit)
Reset throwing quiver to default.
Unknown command.
Unknown command.
Unknown command.
Infinite lua loop detected, aborting.
Are you sure you want to abandon this character and quit the game? (Confirm with "yes".)

#.# #...'.'...# #.# #.####..
##.# #.###.###.# #.# #>#...#(
#..# #.# #.# #.# #.# #.#..###
#..###'###.###'###.###.#.## #
#..'.............[......##
#..###'###.###'###..##.#.## #
#..# #.# #.# #.# #.###.##.###
#..# #.###.###.# #.###.###.#.
#..# #...'.'6..# #...#.##...#
#..# #####.##### #...........
#..# #.# #.....##...#
#..#######'#######.#.#####.##
#.............)....#.# #.#.
#.###..##########.##.# #.#.
#....................#####.#.
####################...).....
##########


There were no monsters in sight!

Table legend:
 A = Turns spent in this place as a percentage of turns spent in the entire game.
 B = Non-inter-level travel turns spent in this place as a percentage of non-inter-level travel turns spent in the entire game.
 C = Inter-level travel turns spent in this place as a percentage of turns spent in this place.
 D = Turns resting spent in this place as a percentage of non-inter-level travel turns spent in this place.
 E = Turns spent auto-exploring this place as a percentage of non-inter-level travel turns spent in this place.
 F = Non-inter-level travel turns spent in this place divided by the number of levels of this place that you've seen.
                   A       B       C       D       E      F
               +-------+-------+-------+-------+-------+----------------------
         Total | 100.0 | 100.0 |   0.2 |   0.5 |   0.9 | 5632.0
       Dungeon | 100.0 | 100.0 |   0.2 |   0.5 |   0.9 | 5632.0
               +-------+-------+-------+-------+-------+----------------------

Table legend:
 A = Kills in this place as a percentage of kills in entire the game.
 B = Kills by you in this place as a percentage of kills by you in the entire game.
 C = Kills by friends in this place as a percentage of kills by friends in the entire game.
 D = Other kills in this place as a percentage of other kills in the entire game.
 E = Experience gained in this place as a percentage of experience gained in the entire game.
 F = Experience gained in this place divided by the number of levels of this place that you have seen.
                   A       B       C       D       E      F
               +-------+-------+-------+-------+-------+----------------------
         Total | 100.0 | 100.0 |  -nan |  -nan | 100.0 |  52.0
       Dungeon | 100.0 | 100.0 |  -nan |  -nan | 100.0 |  52.0
               +-------+-------+-------+-------+-------+----------------------

Vanquished Creatures
  A gnoll (D:1)
  A giant gecko (D:1)
  2 giant cockroaches (D:1)
  2 goblins (D:1)
  5 hobgoblins (D:1)
  3 jackals (D:1)
  3 bats (D:1)
  A giant newt (D:1)
  4 kobolds (D:1)
  4 rats (D:1)
26 creatures vanquished.

Notes
Turn   | Place    | Note
--------------------------------------------------------------
     0 | D:1      | gw the Demonspawn Berserker began the quest for the Orb.
     0 | D:1      | Reached XP level 1. HP: 18/18 MP: 1/1
   258 | D:1      | Reached skill level 1 in Maces & Flails
   407 | D:1      | Gained mutation: You are slightly more attuned to the shadows. [demonic ancestry]
   407 | D:1      | Reached XP level 2. HP: 24/24 MP: 2/2
  1184 | D:1      | Gained mutation: You are partially covered in large bone plates (AC +2, SH +2). [demonic ancestry]
  1184 | D:1      | Reached XP level 3. HP: 13/29 MP: 3/3
  1383 | D:1      | Quit the game

Action                   || total
-------------------------++-------
Melee: Whip              ||   104
Invok: Berserk           ||     2
  Eat: Bread ration      ||     1
       Chunk             ||     2

Vault maps used:
D:1:      sevenhm_arrival_forest_fort_small_4, supply_closet_lemuel,
          minmay_misc_feat_diagonals, minmay_door_square, minmay_bisected
